 Seeded DCSS version 0.27.1-36-g1b1ada6b1e (webtiles) character file.

Game seed: 8840528127268114696 (custom seed)

1897 tkbsonic5 the Sneak (level 8, -2/39 (40) HPs)
             Began as a Spriggan Fire Elementalist on Feb 13, 2023.
             Was a Believer of Zin.
             Succumbed to an orc priest's poison
             ... on level 5 of the Dungeon.
             The game lasted 00:27:00 (6489 turns).

tkbsonic5 the Sneak (Spriggan Fire Elementalist)    Turns: 6489, Time: 00:27:02

HP:   -2/39 (40)    AC:  3    Str:  4    XL:     8   Next: 93%
MP:   17/17         EV: 19    Int: 24    God:    Zin [**....]
Gold: 265           SH:  0    Dex: 16    Spells: 8/18 levels left

rFire    + + .     SeeInvis +   o - staff of fire
rCold    x . .     Faith    .   (shield currently unavailable)
rNeg     . . .     Spirit   .   a - +0 robe
rPois    .         Reflect  .   (helmet restricted)
rElec    .         Harm     .   y - +0 cloak
rCorr    .         Rampage  .   (gloves unavailable)
Will     +....                  (boots unavailable)
Stlth    +++.......             (no amulet)
HPRegen  0.13/turn              b - +6 ring of intelligence
MPRegen  0.15/turn              A - ring of fire

@: lethally poisoned (-2 -> -16), lightly drained, very quick
A: very small, no large weapons, unfitting armour, see invisible, speed 3
a: Renounce Religion, Recite, Vitalisation, Donate Gold


You were on level 5 of the Dungeon.
You worshipped Zin.
Zin was pleased with you.
You visited 2 branches of the dungeon, and saw 7 of its levels.

You collected 294 gold pieces.
You donated 29 gold pieces to Zin.

Inventory:

Hand Weapons
 d - a +0 short sword
 j - a +0 vorpal mace
 r - a +1 dagger of draining
 s - the +7 whip "Futweuq" {elec, rElec}
   (You found it on level 4 of the Dungeon)

   It occasionally discharges a powerful burst of electricity upon striking a
   foe.
   rElec:     It insulates you from electricity.
Missiles
 h - 20 sling bullets
 l - 90 arrows
 m - 14 boomerangs
 v - 2 atropa-tipped darts
 D - 31 bolts
Armour
 a - a +0 robe (worn)
 y - a +0 cloak (worn)
Magical Staves
 o - a staff of fire (weapon)
Jewellery
 b - a +6 ring of intelligence (left hand)
 c - a ring of positive energy
 n - a ring of poison resistance
 A - a ring of fire (right hand)
Wands
 x - a wand of iceblast (3)
 C - a wand of acid (5)
Scrolls
 f - a scroll of holy word
 t - a scroll of fear
Potions
 e - a potion of invisibility {unknown}
 g - 4 potions of curing
 k - 2 potions of might
 p - 2 potions of heal wounds
 q - a potion of brilliance
 u - a potion of haste {unknown}
 w - a potion of degeneration {unknown}
 z - a potion of berserk rage {unknown}
 B - a potion of ambrosia


   Skills:
 + Level 3.0 Fighting
 + Level 5.0 Dodging
 + Level 6.7 Stealth
 + Level 5.7 Spellcasting
 * Level 3.8 Conjurations
 - Level 3.3 Hexes
 * Level 4.8 Fire Magic
 + Level 0.0 Invocations
 + Level 4.4 Evocations


You had 8 spell levels left.
You knew the following spells:

 Your Spells              Type           Power      Damage    Failure   Level
a - Foxfire               Conj/Fire      100%       2x1d9     1%          1
b - Ensorcelled Hibernat  Hex/Ice        28%        N/A       6%          2
c - Conjure Flame         Conj/Fire      58%        6-21      4%          3
d - Sticky Flame          Conj/Fire      58%        2d7       14%         4

Your spell library contained the following spells:

 Spells                   Type           Power      Damage    Failure   Level
 Corona                   Hex            24%        N/A       1%          1
 Inner Flame              Hex/Fire       56%        N/A       4%          3
 Tukima's Dance           Hex            22%        N/A       6%          3
 Animate Skeleton         Necr           12%        N/A       9%          1
 Apportation              Tloc           12%        N/A       9%          1
 Summon Small Mammal      Summ           24%        N/A       9%          1
 Portal Projectile        Hex/Tloc       28%        N/A       12%         3
 Call Canine Familiar     Summ           6%         N/A       24%         3
 Frozen Ramparts          Ice            12%        1d3       24%         3
 Fireball                 Conj/Fire      29%        3d13      36%         5
 Leda's Liquefaction      Hex/Erth       7%         N/A       38%         4
 Animate Armour           Summ/Erth      12%        N/A       63%         4
 Ice Form                 Ice/Tmut       6%         N/A       63%         4
 Summon Ice Beast         Ice/Summ       6%         N/A       63%         4
 Summon Lightning Spire   Summ/Air       6%         N/A       63%         4
 Monstrous Menagerie      Summ           3%         N/A       100%        7


Dungeon Overview and Level Annotations

Branches:
Dungeon (6/15)             Temple (1/1) D:6

Altars:
Cheibriados
Dithmenos
Elyvilon
Fedhas
Gozag
Kikubaaqudgha
Makhleb
Nemelex Xobeh
Okawaru
Qazlal
Ru
Trog
Uskayaw
Wu Jian
Xom
Yredelemnul
Zin
The Shining One


Innate Abilities, Weirdness & Mutations

You are very small and have problems with some larger weapons.
You are too small for most types of armour.
You have supernaturally acute eyesight. (SInv)
You cover ground extremely quickly. (Speed+++)


Message History

The orc priest begins to cast a cantrip, but forgets the words!
The wight misses you.
The orc priest calls down the wrath of Beogh upon you.
Beogh smites you!
There is a stone staircase leading up here.
The orc priest mumbles some strange prayers to Beogh against you.
Beogh smites you!
You climb upwards.
There is a stone staircase leading down here.
You start resting.
You are ready to recite again.
You start resting.
Magic restored.
There is an escape hatch in the ceiling here.
You open the door.
There is an open door here.
Your divine stamina fades away.
There is a stone staircase leading up here.
There is a stone staircase leading down here.
You climb downwards.
The orc priest hits you with a +2 trident of venom!
You are poisoned.
The orc priest hits you but does no damage.
The orc priest hits you with a +2 trident of venom.
You are lethally poisoned!
An orc comes into view. It is wielding a +1 vampiric dagger.
There is a stone staircase leading up, spattered with blood here.
As you read the scroll of fear, it crumbles to dust.
You assume a fearsome visage.
The orc looks frightened!
The wight is unaffected. x3; The orc warrior looks frightened!
The orc looks frightened!
The orc priest looks frightened! x2
* * * LOW HITPOINT WARNING * * *
You feel very sick.
* * * LOW HITPOINT WARNING * * *
You feel very sick. The wight hits you with a +1 falchion.
* * * LOW HITPOINT WARNING * * *
You feel drained.
You climb upwards.
You die...

#####.## #......#
#.###.## #.# #.# #.#
#.# #.# #.# #.#
#.###########
####z###.......<....
#..@.........#######
#.##.##...........##
##.##.##.####[####.##
#[..#.##.####.###....
#........#........###
#...#...........#.#
##.##.####.##.#.#.#
#........)...#...#
#.##.####.####.#.###


You could see a wight.

Vanquished Creatures
  Pikel (D:5)
  A centaur zombie (D:6)
  Prince Ribbit (D:6)
  A black bear (D:6)
  An ogre (D:5)
  A phantom (D:3)
  A lemure (D:5)
  A scorpion (D:4)
  A wyvern zombie (D:6)
  A howler monkey (D:4)
  A bullfrog zombie (D:6)
  2 hounds (D:5)
  2 jellies
  3 orc priests
  2 bullfrog skeletons
  3 iguanas
  2 hound skeletons
  Robin (D:4)
  6 adders
  An ufetubus (D:4)
  An adder skeleton (D:4)
  2 worms
  3 dart slugs
  8 orcs
  5 bats
  4 endoplasms
  A giant cockroach (D:4)
  14 goblins
  10 hobgoblins
  7 kobolds
  A quokka (D:2)
  7 ball pythons
  A frilled lizard (D:2)
  4 rats
101 creatures vanquished.

Vanquished Creatures (collateral kills)
  4 foxfires (D:3)
4 creatures vanquished.

Vanquished Creatures (others)
  479 foxfires
479 creatures vanquished.

Grand Total: 584 creatures vanquished

Notes
Turn   | Place    | Note
-------+----------+-------------------------------------------
     0 | D:1      | tkbsonic5 the Spriggan Fire Elementalist began the quest
                  | for the Orb.
     0 | D:1      | Reached XP level 1. HP: 9/9 MP: 5/5
     3 | D:1      | Identified 3 scrolls of acquirement
     3 | D:1      | Acquired a book of Maledictions
     5 | D:1      | Acquired a book of Rime
     7 | D:1      | Acquired a book of Cantrips
   209 | D:1      | Reached skill level 1 in Conjurations
   209 | D:1      | Reached XP level 2. HP: 13/13 MP: 0/7
   212 | D:1      | Learned a level 2 spell: Ensorcelled Hibernation
   679 | D:1      | You fall into a shaft and drop 1 floor!
   707 | D:2      | Reached skill level 1 in Hexes
   720 | D:2      | Found a faded altar of an unknown god.
   726 | D:2      | Reached XP level 3. HP: 16/16 MP: 3/8
  1873 | D:3      | Noticed a phantom
  1888 | D:3      | Killed a phantom
  1889 | D:3      | Reached skill level 4 in Stealth
  1889 | D:3      | Reached XP level 4. HP: 21/21 MP: 0/10
  1889 | D:3      | Reached XP level 5. HP: 24/24 MP: 0/11
  2048 | D:3      | Learned a level 3 spell: Conjure Flame
  2053 | D:3      | Learned a level 4 spell: Sticky Flame
  2816 | D:4      | Noticed Robin
  2819 | D:4      | Reached XP level 6. HP: 27/29 MP: 7/13
  2821 | D:4      | Killed Robin
  2978 | D:4      | Found a stormy altar of Qazlal.
  3053 | D:4      | Reached skill level 5 in Stealth
  3086 | D:4      | Got the Papyrus of Slavery and the Glacier
  3090 | D:4      | Noticed an angel
  3091 | D:4      | Found a glowing silver altar of Zin.
  3120 | D:4      | Identified the +7 whip "Futweuq" {elec, rElec}
  3695 | D:5      | Entered Level 5 of the Dungeon
  4026 | D:5      | Noticed Pikel
  4676 | D:5      | Found a sacrificial altar of Ru.
  4943 | D:5      | Reached skill level 1 in Fighting
  5110 | D:5      | Reached XP level 7. HP: 33/33 MP: 1/15
  5110 | D:5      | Killed Pikel
  5111 | D:5      | Reached skill level 5 in Spellcasting
  5229 | D:5      | Found a shadowy altar of Dithmenos.
  5337 | D:5      | Reached XP level 8. HP: 39/39 MP: 11/16
  5384 | D:6      | Reached skill level 6 in Stealth
  5599 | D:6      | Noticed Prince Ribbit
  5605 | D:6      | Killed Prince Ribbit
  6062 | D:6      | Reached skill level 5 in Dodging
  6084 | D:6      | Found a staircase to the Ecumenical Temple.
  6093 | Temple   | Entered the Ecumenical Temple
  6261 | D:2      | Became a worshipper of Zin the Law-Giver
  6261 | D:2      | Reached * piety under Zin
  6261 | D:2      | Reached ** piety under Zin
  6489 | D:5      | Succumbed to an orc priest's poison

Illustrated notes

Levels and vault maps discovered:
D:1:      minmay_arrival_semitransparent, layout_basic
D:2:      layout_rooms, chequers_ecumenical_altar_simple_redux,
          minmay_liquid_box
D:3:      layout_rooms, chequers_serial_rivers_small_3, guppyfry_early_lair_pool
D:4:      layout_basic, grunt_qazlal_clouds, zin_angel,
          kennysheep_generic_room_3, uniq_robin
D:5:      layout_loops_ring, mainiacjoe_overflow_alcove_1, hangedman_ru_absence,
          uniq_pikel
D:6:      layout_cave_pools, minmay_temple_entry_waves, uniq_prince_ribbit1
Temple:   nicolae_temple_great_sept

Skill      XL: |  1  2  3  4  5  6  7  8 |
---------------+-------------------------+-----
Spellcasting   | 3 4 5 |  5.7
Conjurations   | 1 2 3 |  3.8
Hexes          | 1 2 3 |  3.3
Stealth        | 4 5 6 |  6.7
Fire Magic     | 3 4 |  4.8
Dodging        | 3 4 5 |  5.0
Fighting       | 1 2 3 |  3.0
Evocations     | 2 4 |  4.4

Action                   |  1- 3 |  4- 6 |  7- 9 || total
-------------------------+-------+-------+-------++-------
Melee: Short sword       |     5 |       |       ||     5
       Staff             |       |     2 |       ||     2
 Cast: Foxfire           |    89 |   164 |    73 ||   326
       Ensorcelled Hiber |     2 |     2 |       ||     4
       Conjure Flame     |       |     6 |       ||     6
       Sticky Flame      |       |       |     3 ||     3
Invok: Recite            |       |       |     1 ||     1
       Vitalisation      |       |       |     1 ||     1
Evoke: Wand              |       |     1 |     2 ||     3
  Use: Scroll            |     3 |     7 |     4 ||    14
 Stab: Sleeping          |     2 |       |       ||     2
Armor: Robe              |       |     1 |     6 ||     7
Dodge: Dodged            |     6 |    12 |     3 ||    21
